 Dungeon Crawl Stone Soup version 0.22-a0-422-g9628fc8 (webtiles) character file.

266 PegasusDuck the Charmwright (level 6, -1/48 HPs)
             Began as a Barachi Skald on May 21, 2018.
             Slain by a mummy (18 damage)
             ... on level 4 of the Dungeon.
             The game lasted 00:09:50 (4401 turns).

PegasusDuck the Charmwright (Barachi Skald)         Turns: 4401, Time: 00:09:51

Health: -1/48      AC:  7    Str: 15    XL:     6   Next: 20%
Magic:  4/10       EV: 12    Int: 13    God:
Gold:   155        SH:  0    Dex: 11    Spells: 5/11 levels left

rFire    . . .     SeeInvis .   f - +0 dagger (speed)
rCold    . . .     Gourm    .   (no shield)
rNeg     . . .     Faith    .   b - +2 leather armour
rPois    .         Spirit   .   k - +0 helmet
rElec    .         Reflect  .   g - +0 cloak
rCorr    .         Harm     .   (no gloves)
MR       .....                  (no boots)
Stlth    +.........             (no amulet)
HPRegen  0.16/turn              (no ring)
MPRegen  0.12/turn              (no ring)

@: infused, singing, slow
A: +LOS, swims, slowness 1, strong legs 1
a: Hop


You were on level 4 of the Dungeon.
You were very hungry.

You visited 1 branch of the dungeon, and saw 4 of its levels.
You also visited: Sewer.

You collected 155 gold pieces.

Inventory:

Hand Weapons
 a - a +0 falchion
 f - a +0 dagger of speed (weapon)
Armour
 b - a +2 leather armour (worn)
 g - a +0 cloak (worn)
 k - a +0 helmet (worn)
Scrolls
 e - a scroll of remove curse
 j - a scroll of amnesia
Potions
 c - a potion of cancellation {unknown}
 i - 2 potions of flight {unknown}
 l - a potion of brilliance {unknown}
 m - a potion of heal wounds {unknown}
Comestibles
 d - 8 rations


   Skills:
 + Level 3.9 Fighting
 + Level 2.5(3.1) Short Blades
 - Level 2.9(3.4) Long Blades
 + Level 3.5 Armour
 - Level 2.1 Dodging
 + Level 3.0 Spellcasting
 + Level 4.5 Charms


You had 5 spell levels left.
You knew the following spells:

 Your Spells              Type           Power        Failure   Level  Hunger
a - Infusion              Chrm           ##..         4%          1    #......
b - Regeneration          Chrm/Necr      #.........   32%         3    ###....
c - Song of Slaying       Chrm           ##......     7%          2    ###....

Your spell library contained the following spells:

 Spells                   Type           Power        Failure   Level  Hunger
 Shroud of Golubria       Chrm/Tloc      #.........   17%         2    ###....
 Spectral Weapon          Hex/Chrm       #.......     32%         3    ###....


Dungeon Overview and Level Annotations

Branches:
Dungeon (4/15)
 Temple: D:4-7

Altars:
Dithmenos
Gozag
Makhleb
Trog
Vehumet

Portals:
Ossuary: D:4

Annotations:
D:4 Eustachio


Innate Abilities, Weirdness & Mutations

Shadows flee at your approach. (+LOS)
You can swim through water.
You cover ground slowly.
You can hop short distances.


Message History

You hit the mummy.
The mummy is heavily damaged.
The river rat bites you but does no damage.
The mummy hits you!
* * * LOW HITPOINT WARNING * * *
You barely miss the mummy.
The mummy is heavily damaged.
The quokka closely misses you.
The scorpion stings you but does no damage.
You hit the mummy.
The mummy is severely damaged.
You feel sick. The river rat misses you.
Eustachio casts a spell.
Eustachio blinks!
The quokka barely misses you.
Unknown command.
Okay, then.
You feel better. The scorpion barely misses you.
The river rat bites you but does no damage.
The mummy hits you!!
You die...

##......(......
##....#......##
##....##.5....#
#....###.b5..)#
#....##.'@r###...<
#....#.###....####.
....##r.##......##.
...###rr.#ยง........
.##M@rZ5.......###
###s5.#....#.#
#..##....>.#
#.###..##### ..##
+..# ... #..# ##..
#..# ##. #..# ## ..#


You could see a mummy, a scorpion, a quasit, 2 river rats, a white imp, a goblin
zombie, a quokka and a rat.

Vanquished Creatures
  A big kobold (Sewer)
  A bullfrog skeleton (D:4)
  A worker ant (D:3)
  Robin (D:3)
  An adder (D:2)
  A river rat (Sewer)
  2 dart slugs
  7 leopard geckos
  6 orcs
  4 giant cockroaches
  15 goblins
  15 hobgoblins
  2 jackals
  9 kobolds
  A quokka (D:2)
  12 bats
  5 frilled lizards
  12 rats
96 creatures vanquished.

Notes
Turn   | Place    | Note
-------+----------+-------------------------------------------
     0 | D:1      | PegasusDuck the Barachi Skald began the quest for the Orb.
     0 | D:1      | Reached XP level 1. HP: 17/17 MP: 3/3
   581 | D:1      | Reached XP level 2. HP: 23/23 MP: 5/5
   779 | D:1      | Reached XP level 3. HP: 16/28 MP: 6/6
  1380 | D:2      | Found a bloodstained altar of Trog.
  1412 | D:2      | Reached skill level 1 in Short Blades
  1787 | D:2      | Learned a level 3 spell: Regeneration
  1865 | D:2      | Found a faded altar of an unknown god.
  1924 | D:2      | Reached XP level 4. HP: 31/34 MP: 7/7
  2008 | D:2      | Found an opulent altar of Gozag.
  2250 | D:3      | Reached skill level 4 in Charms
  2312 | D:3      | Noticed Robin
  2559 | D:3      | Killed Robin
  2998 | D:3      | Found a radiant altar of Vehumet.
  3132 | D:3      | Reached XP level 5. HP: 25/41 MP: 0/8
  3239 | D:3      | Found a burning altar of Makhleb.
  3486 | D:3      | Found a shadowy altar of Dithmenos.
  3565 | D:3      | Learned a level 2 spell: Song of Slaying
  3682 | D:4      | Noticed Eustachio
  3798 | D:4      | Found a glowing drain.
  3822 | Sewer    | Entered a sewer
  4174 | Sewer    | Noticed a big kobold
  4204 | Sewer    | Killed a big kobold
  4204 | Sewer    | Reached XP level 6. HP: 24/48 MP: 2/10
  4234 | Sewer    | Found a glowing silver altar of Zin.
  4388 | D:4      | Found a sand-covered staircase.
  4401 | D:4      | Slain by a mummy

Vault maps used:
D:1:      dpeg_cavernosity
D:2:      minmay_wonky_spiral, old_standard_altar,
          chequers_ecumenical_altar_island, trog_book
D:3:      lemuel_doored_altar, vehumet_crystals, nicolae_overflow_crystal_walls,
          grunt_decor_arrowhead, uniq_robin
D:4:      xom_teletrap_fun, gup_sewer_entry_pipe, nicolae_ossuary_entry_giza,
          uniq_eustachio
Sewer:    sewer_kobolds

Skill      XL: |  1  2  3  4  5 |
---------------+----------------+-----
Armour         | 2 3 |  3.5
Short Blades   | 1 2 |  2.5
Charms         | 4 |  4.5
Fighting       | 3 |  3.9
Spellcasting   | 3 |  3.0
Long Blades    | |  2.9
Dodging        | |  2.1

Action                   |  1- 3 |  4- 6 || total
-------------------------+-------+-------++-------
Melee: Falchion          |    25 |       ||    25
       Dagger            |   188 |   379 ||   567
 Cast: Infusion          |     2 |    13 ||    15
       Regeneration      |       |     2 ||     2
       Song of Slaying   |       |     1 ||     1
  Use: Scroll            |     4 |     4 ||     8
       Potion            |     1 |     5 ||     6
  Eat: Chunk             |     4 |     8 ||    12
Armor: Leather armour    |    49 |    73 ||   122
       Skin              |     5 |       ||     5
Dodge: Dodged            |   115 |   165 ||   280
       Rpst.: Falchion   |     4 |       ||     4

Table legend:
 A = Spawn XP
 B = Non-spawn XP
 C = Spawn XP percentage of total XP
 D = Spawn monster count
 E = Non-spawn monster count
 F = Spawn count percentage of total count
 G = Total turns spent on level
                    A         B        C        D         E        F      G
               +---------+---------+-------+---------+---------+-------+---------
         Total |       0 |     381 |   0.0 |       0 |      96 |   0.0 |  4401
               +---------+---------+-------+---------+---------+-------+---------
           D:1 |       0 |      49 |   0.0 |       0 |      29 |   0.0 |  1286
           D:2 |       0 |      39 |   0.0 |       0 |      16 |   0.0 |  1289
           D:3 |       0 |     119 |   0.0 |       0 |      35 |   0.0 |  1102
           D:4 |       0 |      53 |   0.0 |       0 |       6 |   0.0 |   198
         Sewer |       0 |     121 |   0.0 |       0 |      10 |   0.0 |   526
               +---------+---------+-------+---------+---------+-------+---------
